Map: New Gettysburg LE

Players

Spinoza - Winner!

  • Race: Terran Terran
  • League: Platinum

Nickos

  • Race: Terran Terran
  • League: Gold

VOD

Have the link to the VOD?

Description

Time

  • Played on: Oct. 2, 2016, 5:24 a.m.
  • Length: 14:58
Show
View Real Time Build Order
Export as new Build Order

Spinoza Terran - Winner!

Build Orders: Reaper Expand, MMM Bio 

Get SALT Encoding   

  12  0:03  SCV  
  13  0:15  SCV  
  13  0:18  Supply Depot  
  14  0:27  SCV  
  15  0:40  SCV  
  15  0:42  Barracks  
  16  0:47  Refinery  
  16  0:57  SCV  
  17  1:09  SCV  
  18  1:21  SCV  
  19  1:31  Reaper  
  20  1:37  Orbital Command  
  20  1:48  Command Center  
  20  1:59  Supply Depot  
  20  2:03  SCV  
  21  2:15  SCV  
  22  2:18  Marine  
  23  2:23  Refinery  
  23  2:24  Factory  
  23  2:34  SCV  
  23  2:38  Barracks  
  23  2:39  Marine  
  24  2:46  SCV  
  25  2:52  Barracks  
  24  2:58  Marine  
  24  3:04  Orbital Command  
  25  3:09  SCV  
  25  3:12  Widow Mine  
  28  3:17  Barracks Tech Lab  
  28  3:21  SCV  
  29  3:27  Starport  
  29  3:30  Marine  
  29  3:33  SCV  
  31  3:35  SCV  
  31  3:39  Stimpack  
  32  3:42  Marine  
  32  3:47  SCV  
  34  3:50  Marine  
  35  3:56  SCV  
  35  3:57  Engineering Bay  
  35  3:58  Marine  
  35  3:59  SCV  
  35  4:01  Factory Tech Lab  
  38  4:05  Medivac  
  40  4:10  SCV  
  40  4:15  Supply Depot, Marine x2  
  43  4:18  Marine  
  44  4:28  Terran Infantry Weapons Level 1  
  44  4:33  Missile Turret  
  44  4:34  SCV  
  44  4:35  SCV  
  44  4:37  Siege Tank  
  49  4:44  Marine x3  
  52  4:49  Refinery, Supply Depot  
  52  4:50  SCV  
  52  4:51  SCV  
  54  4:54  Liberator  
  54  4:59  Refinery  
  54  5:08  Supply Depot  
  54  5:11  SCV x2, Marine  
  58  5:23  SCV  
  58  5:24  Marine x2  
  58  5:26  SCV  
  61  5:28  Marine  
  61  5:29  Siege Tank  
  61  5:34  Barracks  
  61  5:35  SCV  
  66  5:43  SCV  
  67  5:51  Barracks Reactor, Marine x2  
  67  5:52  Combat Shields  
  67  5:53  Command Center  
  69  5:59  SCV  
  70  6:05  Missile Turret  
  70  6:13  Supply Depot  
  70  6:14  Supply Depot  
  70  6:15  Starport Reactor  
  70  6:16  Barracks Reactor  
  70  6:24  Missile Turret  
  70  6:34  Marine x3  
  70  6:35  Siege Tank, SCV x2  
  70  6:36  Supply Depot  
  70  6:37  Barracks Reactor  
  70  6:39  Terran Infantry Armor Level 1  
  78  6:47  SCV  
  79  6:51  Medivac  
  79  6:52  Medivac, Marine x3  
  86  6:58  SCV  
  87  7:07  Siege Tank, SCV  
  91  7:09  Marine x2  
  91  7:10  SCV, Marine  
  87  7:19  SCV  
  87  7:22  SCV  
  68  7:31  SCV  
  68  7:34  SCV  
  68  7:36  Marine x3  
  73  7:39  SCV  
  73  7:43  SCV  
  75  7:44  Command Center  
  75  7:46  Refinery, SCV  
  76  7:52  SCV  
  76  7:54  Engineering Bay  
  77  8:01  Missile Turret  
  77  8:02  Missile Turret  
  77  8:08  Siege Tank  
  77  8:11  SCV  
  77  8:12  SCV  
  82  8:18  Marine x2  
  84  8:24  SCV  
  84  8:25  SCV  
  86  8:27  Orbital Command  
  86  8:33  Marine x3  
  89  8:36  Medivac, SCV  
  92  8:48  SCV x2  
  94  9:05  Supply Depot  
  94  9:06  Armory  
  94  9:08  Supply Depot  
  84  9:21  Marine x5  
  86  9:27  Marine x2  
  87  9:35  SCV x3  
  84  9:39  Marine  
  84  9:41  Marine  
  84  9:42  Marine x3  
  84  9:43  Medivac  
  84  9:44  Concussive Shells  
  84  9:45  Marine  
  94  9:46  Marauder  
  94  9:47  SCV x2  
  94  9:49  Armory  
  96  9:54  Supply Depot  
  96  10:04  Refinery  
  96  10:07  Marine x3  
  96  10:10  Orbital Command  
  99  10:16  Terran Vehicle And Ship Armor Level 1  
  99  10:19  Terran Infantry Armor Level 2, Supply Depot  
  99  10:21  SCV  
  100  10:22  SCV  
  93  10:35  Marine x2  
  93  10:36  Marine x5  
  100  10:53  Marine  
  100  10:54  Marauder  
  103  11:00  SCV  
  104  11:09  SCV  
  104  11:10  SCV  
  106  11:13  Refinery, SCV  
  107  11:19  Refinery  
  107  11:23  Marine x3  
  107  11:24  Marauder  
  95  11:40  Marine x3  
  95  11:41  Marine  
  95  11:45  Marauder  
  92  11:51  Medivac x2  
  92  11:52  SCV x2  
  98  11:59  SCV  
  99  12:04  SCV x2  
  99  12:07  Marine x3  
  99  12:08  Marine x2  
  106  12:09  Command Center, Marauder  
  106  12:11  Siege Tank, SCV  
  106  12:12  Refinery  
  106  12:13  Refinery  
  112  12:16  SCV  
  112  12:17  Terran Infantry Weapons Level 2  
  112  12:18  Terran Vehicle Weapons Level 1  
  112  12:19  Factory  
  112  12:20  Factory  
  112  12:21  SCV  
  114  12:23  SCV  
  114  12:26  Supply Depot  
  116  12:30  SCV  
  116  12:32  Marine  
  116  12:33  SCV  
  116  12:34  Marine  
  116  12:35  SCV, Marine  
  121  12:42  SCV  
  107  12:45  Medivac x2, SCV  
  103  12:55  SCV x2  
  103  12:57  SCV  
  102  12:59  Refinery  
  102  13:03  Siege Tank  
  105  13:07  SCV x2  
  105  13:12  SCV  
  108  13:14  Marine x2  
  108  13:15  Marine x2  
  108  13:19  SCV x2  
  114  13:24  SCV  
  115  13:27  Supply Depot  
  115  13:29  Supply Depot x2  
  115  13:31  SCV  
  115  13:32  SCV  
  117  13:34  Factory Tech Lab  
  117  13:39  Planetary Fortress  
  117  13:44  Missile Turret  
  117  13:45  Factory Tech Lab, Marine x2  
  117  13:46  Marine x2  
  121  13:52  Viking  
  121  13:55  SCV  
  124  14:09  Marine x2  
  124  14:10  Marine x5  
  124  14:11  Siege Tank  
  134  14:26  Viking x2  
  134  14:27  Marine x2  
  134  14:28  Marauder  
  142  14:36  Fusion Core  
  142  14:37  Starport  
  142  14:48  Starport  
Show
View Real Time Build Order
Export as new Build Order

Nickos Terran 

Build Orders: Reaper Expand, MMM Bio 

Get SALT Encoding   

  12  0:01  SCV  
  13  0:13  SCV  
  14  0:19  Supply Depot  
  14  0:25  SCV  
  15  0:40  SCV  
  15  0:41  Barracks  
  16  0:46  Refinery  
  16  0:52  SCV  
  17  1:04  SCV  
  18  1:17  SCV  
  19  1:33  Command Center  
  19  1:37  Reaper  
  20  1:48  Orbital Command  
  20  1:55  Barracks  
  20  2:05  Supply Depot  
  19  2:18  SCV  
  19  2:21  Barracks Reactor  
  20  2:34  SCV  
  21  2:40  Refinery  
  21  2:41  Factory  
  21  2:44  Barracks Tech Lab  
  21  2:46  SCV  
  21  2:51  Orbital Command  
  22  3:04  Marine, SCV  
  22  3:05  Marine x2  
  25  3:16  SCV  
  25  3:17  SCV  
  27  3:25  Marine x3  
  30  3:28  Starport, SCV  
  30  3:30  Factory Reactor  
  30  3:33  SCV  
  32  3:42  SCV  
  32  3:45  SCV  
  34  3:49  Marine x2  
  34  3:51  Supply Depot  
  34  3:52  Marine  
  34  3:54  SCV  
  34  3:55  Stimpack  
  38  3:58  SCV  
  39  4:06  SCV  
  40  4:13  Marine x3  
  40  4:14  SCV  
  40  4:16  Supply Depot  
  44  4:18  Medivac, SCV  
  44  4:20  Medivac  
  49  4:26  SCV  
  49  4:30  SCV  
  51  4:33  Marine  
  51  4:38  Supply Depot, SCV  
  53  4:40  Marine x2  
  53  4:42  SCV  
  56  4:50  Medivac, Marine, SCV  
  56  4:51  Medivac  
  62  5:00  Supply Depot  
  62  5:11  Marine x3  
  57  5:29  Marine x3  
  57  5:32  Liberator  
  60  5:41  SCV x2  
  62  5:46  Marine  
  62  5:47  Marine  
  62  5:48  Marine  
  68  5:53  SCV x2  
  70  6:01  Combat Shields  
  70  6:04  Marine x2  
  70  6:05  SCV  
  70  6:06  Engineering Bay  
  70  6:07  Engineering Bay  
  70  6:08  SCV  
  70  6:09  Barracks, Marine  
  70  6:10  Barracks x2  
  75  6:17  SCV  
  76  6:19  Factory Tech Lab  
  76  6:22  Marine  
  76  6:25  SCV  
  78  6:29  SCV  
  78  6:31  Supply Depot  
  79  6:33  Supply Depot  
  79  6:57  Marine x4  
  79  7:14  Liberator  
  65  7:24  Marine x3  
  65  7:25  Barracks Reactor x2  
  62  7:30  Siege Tank  
  62  7:35  Supply Depot  
  68  7:37  Terran Infantry Weapons Level 1  
  68  7:38  Supply Depot  
  68  7:42  Refinery  
  68  7:46  Marine x2  
  68  7:47  Barracks Tech Lab  
  68  7:49  Marauder  
  72  7:52  Command Center  
  72  7:58  SCV x2  
  74  8:00  Terran Infantry Armor Level 1  
  74  8:01  Marine  
  74  8:02  Marine x2  
  75  8:07  Marine x2  
  75  8:10  SCV  
  78  8:13  Marine x2  
  78  8:16  Marine  
  81  8:26  Marine x2  
  82  8:27  Marine  
  82  8:33  Marine  
  84  8:40  SCV x2  
  86  8:47  Missile Turret  
  86  8:52  Missile Turret, SCV  
  86  8:56  Marine x2  
  86  8:57  Marine x2  
  86  8:58  Marauder  
  86  9:00  Marine  
  93  9:03  SCV  
  93  9:04  SCV  
  82  9:26  Marine x2  
  82  9:27  Orbital Command, Marine x2  
  78  9:31  Orbital Command  
  78  9:34  Marine x3  
  78  9:35  Marine  
  82  9:44  Marine x3  
  82  9:45  Orbital Command, Marine  
  86  10:12  Marine x4  
  86  10:13  Marine x3  
  95  10:14  Marauder  
  95  10:15  Hellion  
  97  10:36  Marine  
  97  10:37  Marine x3  
  97  10:38  Marauder x2  
  105  10:48  Marine x2  
  107  10:54  Marine  
  107  10:55  Marine x2  
  107  10:56  Marine  
  111  10:58  SCV x3  
  111  10:59  Marauder  
  111  11:00  Marauder  
  117  11:05  Marine  
  117  11:11  Marine  
  117  11:12  Marine  
  117  11:13  Marine x2  
  117  11:16  Marine  
  117  11:20  Marine  
  117  11:21  Marauder  
  117  11:23  Marine  
  121  11:29  Marine  
  121  11:30  Marine  
  121  11:31  Marine  
  105  11:43  Marine x4  
  105  11:44  Marine  
  80  11:47  Marine  
  80  11:48  Marine  
  80  11:49  Marine  
  83  12:00  Marine  
  84  12:02  Marauder x2  
  88  12:09  Marine  
  88  12:12  SCV  
  90  12:23  Marauder  
  33  12:52  Marine x2  
  33  12:53  Marine x3  
  33  12:54  Marauder x2  
  33  12:56  Marine  
  31  13:03  SCV x3  
  34  13:10  Marine x3  
  37  13:15  Marauder  
  37  13:19  Marine x3  
  41  13:20  Marine  
  43  13:31  SCV x3  
  46  13:37  Marauder  
  48  13:43  SCV x3  
  48  13:46  Marine x4  
  55  13:54  Marine  
  55  13:55  Marauder, Marine  
  59  13:57  SCV  
  59  13:59  SCV  
  60  14:05  Marine  
  60  14:06  Marine x2  
  63  14:19  SCV  
  63  14:20  SCV  
  65  14:26  Marine x4  
  65  14:27  Marine  
  70  14:31  SCV  
  70  14:32  SCV  
Tags
 
Add a new tag
Caveats
  • Supply blocks, unpowered buildings, or Contaminate may cause inaccurate times.
  • Supply counts are checked every 10 seconds.